 Dungeon Crawl Stone Soup version 0.25.0-11-g1f837a76a1 (webtiles) character file.

Game seed: 12361206578464682779

6706 Flugkiller the Nimble (level 10, 58/85 HPs)
             Began as a Deep Elf Chaos Knight on June 25, 2020.
             Was a Plaything of Xom.
             Quit the game on level 1 of the Lair of Beasts.
             The game lasted 00:21:36 (17510 turns).

Flugkiller the Nimble (Deep Elf Chaos Knight)      Turns: 17510, Time: 00:21:37

Health: 58/85      AC: 10    Str:  9    XL:     10   Next: 74%
Magic:  13/13      EV: 19    Int: 20    God:    Xom [..*...]
Gold:   2024       SH:  0    Dex: 17    Spells: 9/9 levels left

rFire    + . .     SeeInvis +   a - +1 scimitar
rCold    . . .     Gourm    .   (no shield)
rNeg     . . .     Faith    +   m - +2 leather armour
rPois    .         Spirit   .   (helmet restricted)
rElec    +         Reflect  .   (no cloak)
rCorr    .         Harm     .   (no gloves)
MR       +....                  x - +2 pair of boots
Stlth    ..........             i - amulet of faith
HPRegen  0.24/turn              g - ring of stealth
MPRegen  0.13/turn              u - ring of see invisible

@: berserking, mildly poisoned (58 -> 49), marked, very slightly contaminated,
very quick
A: horns 1, talons 1, molten scales 1, clever 1, fire resistance 1, frail 1,
mutation resistance 1, sense surroundings 1, electricity resistance, wild magic
1
a: Renounce Religion


You were on level 1 of the Lair of Beasts.
You worshipped Xom.
You were a toy of Xom.
You were not hungry.

You visited 3 branches of the dungeon, and saw 12 of its levels.

You collected 2024 gold pieces.

Inventory:

Hand Weapons
 a - a +1 scimitar (weapon)
   (You found it on level 4 of the Dungeon)
 b - the +1 longbow of Wounding {chaos, Str+3}
   (Xom gifted it to you on level 3 of the Dungeon)

   Each projectile launched from it has a different, random effect.
   It affects your strength (+3).
 k - a +0 falchion of chaos
Missiles
 j - 23 boomerangs (quivered)
 y - 50 arrows
Armour
 f - a +0 tower shield
   (You found it on level 3 of the Dungeon)
 m - a +2 leather armour (worn)
 s - a +0 buckler
   (You found it on level 5 of the Dungeon)
 x - a +2 pair of boots (worn)
   (You found it on level 7 of the Dungeon)
Jewellery
 g - a ring of stealth (left hand)
   (Xom gifted it to you on level 2 of the Dungeon)
 h - an uncursed ring of fire
   (You found it on level 1 of the Dungeon)
 i - an amulet of faith (around neck)
   (You took it off a hobgoblin on level 2 of the Dungeon)
 u - a ring of see invisible (right hand)
   (You found it on level 5 of the Dungeon)
 E - the ring "Vaunwuam" {rC+ Str+3 Dex+3 Stlth+, unknown}
   (Xom gifted it to you on level 10 of the Dungeon)

   [ring of protection from cold]

   It affects your strength (+3).
   It affects your dexterity (+3).
   It protects you from cold.
   It makes you more stealthy.
Wands
 n - a wand of enslavement (6)
   (You found it on level 6 of the Dungeon)
 w - a wand of flame (17)
   (You found it on level 6 of the Dungeon)
Scrolls
 d - 5 scrolls of remove curse
 q - a scroll of blinking
 t - 3 scrolls of enchant armour
 B - a scroll of enchant weapon
 D - 3 scrolls of fog
Potions
 e - a potion of curing
 l - a potion of heal wounds
 o - 2 potions of brilliance
 p - a potion of ambrosia
 r - a potion of might
 v - a potion of berserk rage
 z - a potion of resistance
 A - a potion of stabbing {unknown}
Comestibles
 c - 7 rations
 C - a chunk of flesh


   Skills:
 + Level 8.2 Fighting
 - Level 8.0 Long Blades
 + Level 6.1 Bows
 - Level 0.7 Armour
 - Level 11.0 Dodging
 - Level 2.0 Evocations


You had 9 spell levels left.
You didn't know any spells.
Your spell library was empty.

Dungeon Overview and Level Annotations

Branches:
Dungeon (10/15)            Temple (1/1) D:6            Lair (1/6) D:10
    Orc (0/2) D:9

Altars:
Ashenzari
Okawaru
Qazlal
Ru
Xom
The Shining One

Annotations:
D:5 2 transporters, jazmu's ghost, novice FoHu
D:6 exclusion: oklob plant
D:8 exclusion: door
D:10 Gastronok


Innate Abilities, Weirdness & Mutations

You have a pair of small horns on your head.
You have sharp toenails.
You are partially covered in molten scales. (AC +2)
Your mind is acute. (Int +2)
Your flesh is heat resistant. (rF+)
You are frail. (-10% HP)
You are somewhat resistant to further mutation.
You passively map a small area around you.
You are resistant to electric shocks. (rElec)
Your spells are a little harder to cast, but a little more powerful.


Message History

A komodo dragon and a bullfrog come into view.
A hippogriff comes into view.
The wolf bites you!
A water moccasin comes into view.
A porcupine comes into view.
The bullfrog barely misses you.
Unknown command. "See what I see, my child!"
You detect creatures!
The bullfrog hits you but does no damage.
The bullfrog hits you but does no damage.
The bullfrog misses you.
You riposte.
You barely miss the bullfrog. Your headbutt misses the bullfrog.
Xom's power touches on a nearby monster.
The wolf seems to slow down.
A spiny frog comes into view.
The hippogriff completely misses you. The hippogriff barely misses you. x2
The wolf completely misses you. The spiny frog closely misses you.
You riposte.
You hit the spiny frog.
The spiny frog is lightly wounded.
The wolf bites you! The wolf bites you but does no damage.
Okay, then.
The porcupine closely misses you.
You riposte.
You hit the porcupine. Your headbutt misses the porcupine.
The porcupine is lightly wounded.
The wolf completely misses you.
You riposte.
You slash the wolf!
The wolf is heavily wounded.
The porcupine completely misses you. The wolf completely misses you.
The spiny frog stings you!!
* * * LOW HITPOINT WARNING * * *
You are poisoned.
The spiny frog poisons you!
The hippogriff completely misses you. x2
The hippogriff claws you but does no damage.
There is a staircase back to the Dungeon, spattered with blood here.
Blink to where?
Press: ? - help, Dir - move target cursor You are very lightly contaminated with residual magic.
As you read the scroll of blinking, it crumbles to dust.
You feel sick.
Okay, then.
You feel much better.
You feel sick.
It was a potion of berserk rage.
A red film seems to cover your vision as you go berserk!
You feel yourself moving faster!
You feel mighty!
You feel sick.
You closely miss the bullfrog.
You feel sick. The bullfrog closely misses you.
The porcupine twitches its whiskers.
You hit the wolf.
The wolf is lightly wounded.
The bullfrog barely misses you.
Are you sure you want to abandon this character and quit the game? (Confirm with "yes".)

.............l......
,
.......<........#...
................##..
,
,.....r.l.l......#...
, ,
.#.....F............
,,
P*##..FHS............
#h.l.............. ,
,, #hFh..............
, #@..........##....
, ##..........###...
, , , *...........#
.... ,,.............
... , ....... , ,, ,
, ,....... , ,
....... , * .....## *
, ,


You could see 3 komodo dragons, a hippogriff, 2 spiny frogs, a water moccasin, 3
wolves, a bullfrog and a porcupine.

Vanquished Creatures
  An unseen horror (D:10)
  A deep elf mage (D:10)
  An ugly thing (D:8)
  A black mamba (shapeshifter) (D:10)
  A troll (D:9)
  A hippogriff (D:10)
  A wyvern (D:9)
  3 yaks (D:10)
  A hungry ghost (D:9)
  Edmund (D:4)
  3 porcupines
  A black bear (D:10)
  An ice beast (D:10)
  A sky beast (D:6)
  A necrophage (D:5)
  5 ogres
  A crocodile (Lair:1)
  5 bullfrogs
  6 scorpions
  3 killer bees
  2 howler monkeys
  5 crimson imps
  A bullfrog zombie (D:9)
  2 jellies
  3 hounds
  4 orc priests
  5 orc wizards
  A gnoll shaman (D:7)
  2 bullfrog skeletons
  2 centaur skeletons
  2 iguanas
  8 worker ants
  A hell rat (D:10)
  A hound zombie (D:7)
  2 hound skeletons
  A howler monkey skeleton (D:8)
  A worker ant zombie (D:9)
  6 gnolls
  A river rat (D:10)
  9 adders
  A shadow imp (D:6)
  An ooze (D:4)
  An adder zombie (D:7)
  3 worms
  A dart slug (D:4)
  4 leopard geckos
  34 orcs
  5 giant cockroaches
  15 goblins
  10 hobgoblins
  10 jackals
  9 kobolds
  6 quokkas
  A ball python (D:4)
  4 bats
  5 frilled lizards
  2 leopard gecko skeletons (D:5)
  A quokka skeleton (D:9)
  A quokka zombie (D:6)
  10 rats
222 creatures vanquished.

Vanquished Creatures (collateral kills)
  A death yak (D:10)
  A hell rat (D:10)
  3 gnolls (D:3)
  An orc (D:3)
  A quokka (D:10)
7 creatures vanquished.

Vanquished Creatures (others)
  An orc wizard (D:4)
1 creature vanquished.

Grand Total: 230 creatures vanquished

Notes
Turn   | Place    | Note
-------+----------+-------------------------------------------
     0 | D:1      | Flugkiller the Deep Elf Chaos Knight began the quest for
                  | the Orb.
     0 | D:1      | Reached XP level 1. HP: 13/13 MP: 3/3
     6 | D:1      | XOM: silly message
   360 | D:1      | Reached XP level 2. HP: 18/18 MP: 4/4
   413 | D:1      | XOM: divination: detect items
   432 | D:1      | XOM: give mutations
   432 | D:1      | Gained mutation: You are dopey. (Int -2) [Xom's mischief]
   432 | D:1      | Gained mutation: You passively map a small area around you.
                  | [Xom's mischief]
   982 | D:2      | Reached skill level 3 in Dodging
   982 | D:2      | Reached XP level 3. HP: 13/22 MP: 5/5
  1174 | D:2      | XOM: give mutations
  1174 | D:2      | Gained mutation: You are clumsy. (Dex -2) [Xom's mischief]
  1174 | D:2      | Lost mutation: You are clumsy. (Dex -2) [Xom's mischief]
  1501 | D:2      | XOM: scenery: create altars
  1518 | D:2      | Reached XP level 4. HP: 14/28 MP: 6/6
  1757 | D:2      | XOM: confuse monster(s)
  2371 | D:3      | XOM: give mutation
  2395 | D:3      | XOM: 3-stop teleportation journey
  2413 | D:3      | XOM: 1-stop teleportation journey
  2435 | D:2      | XOM: summons 1 hostile demon
  2461 | D:2      | HP: 1/28 [iron imp[Xom] (11)]
  2632 | D:3      | XOM: silly message
  2975 | D:3      | Reached XP level 5. HP: 15/32 MP: 7/7
  3161 | D:3      | XOM: scenery: create altars
  3168 | D:3      | XOM: butterfly on damage
  3170 | D:3      | XOM: confuse monster(s)
  3468 | D:3      | Reached skill level 4 in Dodging
  3647 | D:3      | XOM: scenery: 1 doors close
  3926 | D:2      | XOM: give mutations
  3926 | D:2      | Gained mutation: Your spells are a little harder to cast,
                  | but a little more powerful. [Xom's grace]
  3926 | D:2      | Gained mutation: You are robust. (+10% HP) [Xom's grace]
  3926 | D:2      | Gained mutation: You are somewhat resistant to further
                  | mutation. [Xom's grace]
  3926 | D:2      | Gained mutation: Your flesh is heat resistant. (rF+) [Xom's
                  | grace]
  4012 | D:2      | XOM: give mutation
  4012 | D:2      | Gained mutation: Your muscles are strong. (Str +2) [Xom's
                  | grace]
  4058 | D:2      | XOM: god gift: coral ring {god gift}
  4155 | D:3      | XOM: god gift: iridescent longbow {god gift}
  4158 | D:3      | Got an iridescent longbow {god gift}
  4164 | D:2      | Identified the +1 longbow of Wounding {chaos, Str+3} (Xom
                  | gifted it to you on level 3 of the Dungeon)
  4362 | D:3      | XOM: summons 3 friendly demons
  4673 | D:4      | XOM: god gift: 44 gold pieces
  4781 | D:4      | Reached XP level 6. HP: 37/40 MP: 8/8
  4840 | D:4      | Found an iron altar of Okawaru.
  4840 | D:4      | XOM: 6-stop teleportation journey
  4949 | D:4      | XOM: confusion (+ monsters)
  5118 | D:4      | XOM: silly message
  5267 | D:4      | Reached skill level 5 in Long Blades
  5415 | D:4      | XOM: summons 3 hostile shadow creatures
  5807 | D:3      | XOM: silly message
  5828 | D:3      | XOM: draining
  5899 | D:3      | XOM: god gift: 11 gold pieces
  5993 | D:4      | XOM: smoke on damage
  6104 | D:3      | XOM: god gift: curved runed staff {god gift}
  6178 | D:4      | Reached skill level 5 in Dodging
  6254 | D:4      | XOM: scenery: create altars
  6323 | D:4      | XOM: god gift: scroll labeled JERCHA EROPP {god gift}
  6397 | D:4      | XOM: god gift: 2 boomerangs
  6484 | D:4      | Reached XP level 7. HP: 47/47 MP: 9/9
  6504 | D:4      | XOM: summons friendly shadow imp
  6521 | D:4      | Noticed Edmund
  6535 | D:4      | XOM: god gift: crooked jewelled staff {god gift}
  6537 | D:4      | XOM: cleaving
  6544 | D:4      | XOM: 7-stop teleportation journey
  6594 | D:4      | XOM: scenery: 1 doors close
  6659 | D:4      | XOM: enchant monster (good)
  6673 | D:4      | XOM: blink monster(s)
  6687 | D:4      | Killed Edmund
  6687 | D:4      | Reached skill level 6 in Dodging
  7196 | D:5      | Entered Level 5 of the Dungeon
  7315 | D:5      | Found a transporter.
  7319 | D:5      | Found a transporter.
  7320 | D:5      | Noticed jazmu's ghost (novice FoHu)
  7369 | D:5      | XOM: draining
  7370 | D:5      | XOM: give mutations
  7370 | D:5      | Gained mutation: Scrolls take you a little longer to read.
                  | [Xom's mischief]
  7370 | D:5      | Lost mutation: You are robust. (+10% HP) [Xom's mischief]
  7370 | D:5      | Lost mutation: Scrolls take you a little longer to read.
                  | [Xom's mischief]
  7637 | D:5      | Reached skill level 5 in Fighting
  7690 | D:5      | Found a sacrificial altar of Ru.
  7749 | D:5      | XOM: noise
  7882 | D:5      | Reached skill level 7 in Dodging
  7971 | D:4      | XOM: summons 1 hostile demon
  8003 | D:5      | XOM: 4-stop teleportation journey
  8047 | D:5      | XOM: summons 4 hostile demons
  8048 | D:5      | Noticed a ynoxinul
  8275 | D:5      | XOM: draining
  8287 | D:5      | XOM: fake destruction
  8289 | D:5      | Reached XP level 8. HP: 45/48 MP: 10/10
  8432 | D:6      | Found a glowing golden altar of the Shining One.
  8434 | D:6      | Noticed an oklob plant
  8468 | D:6      | XOM: summons 4 hostile shadow creatures
  8471 | D:6      | XOM: stat loss: -1 Str (10/11)
  8661 | D:6      | XOM: smoke on damage
  8946 | D:6      | XOM: smoke on damage
  8985 | D:6      | XOM: give mutations
  8985 | D:6      | Gained mutation: Scrolls take you a little longer to read.
                  | [Xom's mischief]
  8985 | D:6      | Gained mutation: Your magical capacity is low. (-10% MP)
                  | [Xom's mischief]
  8985 | D:6      | Lost mutation: You are dopey. (Int -2) [Xom's mischief]
  8985 | D:6      | Lost mutation: Your magical capacity is low. (-10% MP)
                  | [Xom's mischief]
  9220 | D:6      | XOM: swap monsters
  9345 | D:6      | XOM: silly message
  9372 | D:6      | Found a staircase to the Ecumenical Temple.
  9529 | D:6      | XOM: draining
  9577 | D:6      | XOM: cast spell 'Shadow Creatures'
  9603 | D:6      | XOM: enchant monster (good)
  9624 | D:6      | XOM: smoke on damage
  9641 | D:6      | XOM is BORED!
  9641 | D:6      | XOM: enchant monster (bad)
  9648 | D:6      | XOM: potion effect (invisibility)
  9669 | D:6      | XOM: polymorph sky beast -> worm
 10187 | Temple   | XOM: noise
 10187 | Temple   | Entered the Ecumenical Temple
 10266 | D:7      | XOM: 8-stop teleportation journey
 10357 | D:7      | XOM: give mutations
 10357 | D:7      | Gained mutation: You have a pair of small horns on your
                  | head. [Xom's grace]
 10357 | D:7      | Gained mutation: You have sharp toenails. [Xom's grace]
 10370 | D:7      | Reached skill level 8 in Dodging
 10630 | D:7      | XOM: snakes to sticks
 10794 | D:7      | XOM: butterfly on damage
 11201 | D:7      | XOM: 4-stop teleportation journey
 11320 | D:7      | XOM: give mutation
 11320 | D:7      | Gained mutation: You are partially covered in molten
                  | scales. (AC +2) [Xom's grace]
 11321 | D:7      | Noticed a hornet
 11325 | D:7      | XOM: scenery: create altars
 11326 | D:7      | Noticed an orb spider
 11326 | D:7      | a hornet changed into an orb spider
 11341 | D:7      | XOM: divination: magic mapping
 11342 | D:7      | XOM: cleaving
 11353 | D:7      | XOM: divine lightning
 11362 | D:6      | XOM: potion effect (heal wounds)
 11363 | D:6      | XOM: potion effect (heal wounds)
 11424 | D:7      | XOM: potion effect (stabbing)
 11651 | D:7      | XOM: 1-stop teleportation journey
 11716 | D:7      | XOM: summons 2 hostile demons
 11726 | D:7      | XOM: swap monsters
 11940 | D:7      | Reached skill level 9 in Dodging
 11959 | D:7      | XOM: cloud trail
 12275 | D:7      | XOM: cloud trail
 12349 | D:7      | XOM: polymorph bullfrog -> howler monkey
 12397 | D:7      | XOM: give mutations
 12397 | D:7      | Gained mutation: Your muscles are very strong. (Str +4)
                  | [Xom's grace]
 12397 | D:7      | Gained mutation: You are resistant to electric shocks.
                  | (rElec) [Xom's grace]
 12466 | D:7      | XOM: draining
 12594 | D:8      | Noticed a green ugly thing
 12610 | D:8      | XOM: noise
 12621 | D:8      | Killed a green ugly thing
 12621 | D:8      | Reached XP level 9. HP: 27/57 MP: 11/11
 12866 | D:8      | Found a stormy altar of Qazlal.
 12924 | D:8      | XOM: chaos upgrade
 12934 | D:8      | XOM: swap monsters
 12957 | D:8      | XOM: 2-stop teleportation journey
 12958 | D:8      | You fall into a shaft and drop 1 floor!
 13036 | D:9      | XOM: silly message
 13081 | D:8      | XOM: silly message
 13105 | D:8      | XOM: polymorph ice beast -> blink frog
 13114 | D:8      | XOM: fog
 13119 | D:8      | XOM: divination: magic mapping
 13120 | D:8      | XOM: noise
 13121 | D:8      | XOM: confuse monster(s)
 13244 | D:8      | Reached skill level 10 in Dodging
 13262 | D:8      | XOM: cloud trail
 13409 | D:8      | XOM: divination: detect items
 13665 | D:9      | Found a staircase to the Orcish Mines.
 13819 | D:9      | XOM: summons 5 hostile demons
 13820 | D:9      | Noticed an orange demon
 13849 | D:8      | XOM: summons 3 hostile shadow creatures
 13851 | D:9      | XOM: enchant monster (bad)
 14047 | D:9      | XOM: scenery: 1 doors open, 1 doors close
 14058 | D:9      | Noticed a troll
 14069 | D:9      | XOM: summons friendly ufetubus
 14075 | D:9      | XOM: summons friendly white imp
 14239 | D:9      | XOM: silly message
 14429 | D:9      | XOM: 1-stop teleportation journey
 14566 | D:9      | XOM: give mutation
 14566 | D:9      | Lost mutation: Scrolls take you a little longer to read.
                  | [Xom's mischief]
 14614 | D:9      | XOM: divination: detect items
 14615 | D:9      | Noticed a shock serpent
 14615 | D:9      | a slime creature changed into a shock serpent
 14615 | D:9      | XOM: polymorph slime creature -> shock serpent
 14739 | D:9      | XOM: confusion (+ monsters)
 14744 | D:9      | XOM: swap monsters
 14753 | D:9      | Killed a troll
 14753 | D:9      | Reached skill level 11 in Dodging
 14835 | D:9      | Found a shattered altar of Ashenzari.
 14845 | D:9      | Noticed a two-headed ogre
 14919 | D:10     | Entered Level 10 of the Dungeon
 15191 | D:10     | XOM: silly message
 15216 | D:10     | Reached skill level 1 in Bows
 15339 | D:10     | Got an opalescent robe
 15355 | D:10     | XOM: summons 4 friendly demons
 15399 | D:10     | XOM: potion effect (heal wounds)
 15551 | D:10     | Reached XP level 10. HP: 64/64 MP: 12/12
 15614 | D:10     | Noticed a death yak
 15616 | D:10     | Found a staircase to the Lair.
 15616 | D:10     | Noticed a death yak
 15623 | D:10     | XOM: noise
 15628 | D:10     | XOM: divination: detect items
 15634 | D:10     | XOM: enchant monster (good)
 15636 | D:10     | Noticed Gastronok
 15637 | D:10     | a death yak changed into a shapeshifter
 15637 | D:10     | XOM: polymorph death yak -> shapeshifter
 15637 | D:10     | Noticed a salamander
 15637 | D:10     | a shapeshifter changed into a salamander
 15726 | D:9      | XOM: scenery: create altars
 15777 | D:9      | XOM: god gift: 2 scrolls of fog
 15805 | D:9      | XOM: god gift: 1300 gold pieces
 15864 | D:9      | XOM: scenery: create altars
 15951 | D:10     | Noticed an unseen horror
 15954 | D:10     | Noticed a deep elf mage
 15980 | D:10     | XOM: god gift: smoking turquoise ring {god gift}
 15981 | D:10     | Got a smoking turquoise ring {god gift}
 16009 | D:10     | Got a spiked ring mail
 16039 | D:10     | Identified the cursed +0 ring mail of the Orb {Int+3} (You
                  | found it on level 10 of the Dungeon)
 16084 | D:10     | Identified the +0 robe of Utya {+Fly rCorr Int+2 Dex+4}
                  | (You found it on level 10 of the Dungeon)
 16127 | D:10     | XOM: polymorph spriggan -> shapeshifter
 16127 | D:10     | Noticed a black mamba
 16127 | D:10     | a shapeshifter changed into a black mamba
 16133 | D:10     | Killed a black mamba
 16194 | D:10     | XOM: god gift: scroll labeled ROR OQIKKO {god gift}
 16292 | D:10     | XOM: scenery: create altars
 16430 | D:10     | XOM: god gift: 38 gold pieces
 16467 | D:10     | XOM: 1-stop teleportation journey
 16496 | D:10     | XOM: potion effect (brilliance)
 16516 | D:10     | XOM: give mutations
 16516 | D:10     | Gained mutation: Your mind is acute. (Int +2) [Xom's
                  | mischief]
 16516 | D:10     | Lost mutation: Your muscles are very strong. (Str +4)
                  | [Xom's mischief]
 16516 | D:10     | Lost mutation: Your muscles are strong. (Str +2) [Xom's
                  | mischief]
 16516 | D:10     | Gained mutation: You are frail. (-10% HP) [Xom's mischief]
 16548 | D:10     | Killed an unseen horror
 16548 | D:10     | Reached skill level 5 in Bows
 16652 | D:10     | Killed a deep elf mage
 16705 | D:10     | XOM: cast spell 'Summon Small Mammal'
 16733 | D:10     | Noticed a death yak
 16745 | D:10     | XOM: swap monsters
 16755 | D:10     | XOM: noise
 16757 | D:10     | XOM: potion effect (haste)
 16775 | D:10     | XOM: cleaving
 16776 | D:10     | XOM: enchant monster (bad)
 16781 | D:10     | XOM: enchant monster (good)
 16790 | D:10     | Killed a death yak
 16824 | D:9      | XOM: scenery: 1 doors close
 17159 | D:10     | XOM: noise
 17213 | Lair:1   | Entered Level 1 of the Lair of Beasts
 17221 | Lair:1   | Reached skill level 1 in Evocations
 17492 | Lair:1   | Noticed a spiny frog
 17492 | Lair:1   | XOM: enchant monster (good)
 17497 | Lair:1   | XOM: divination: detect creatures
 17499 | Lair:1   | XOM: enchant monster (good)
 17499 | Lair:1   | Noticed a spiny frog
 17510 | Lair:1   | Quit the game

Illustrated notes

Levels and vault maps discovered:
D:1:      tarquinn_simple_flora_water_b, layout_basic,
          ebering_dispersal_statue_hall
D:2:      layout_basic
D:3:      layout_loops_corners, first_ration
D:4:      cheibrodos_greedy_goblins, layout_basic, hex_tiny, okawaru_trees_1,
          uniq_edmund
D:5:      layout_loops_cross, gammafunk_ghost_hive, basic_altar
D:6:      layout_layer_cave, minmay_temple_entry_waves, gup_sewer_entry_glass,
          lemuel_oklob_altar
D:7:      layout_basic, grunt_livestock
D:8:      layout_basic, nicolae_qazlal_general_emergency
D:9:      layout_stronghold, orc_0_dummy, ashenzari_altar_1
D:10:     minmay_s_stair_smasher, layout_irregular_city, dpeg_lair_monsters,
          minmay_mirror_moons_of_madness, uniq_gastronok
Temple:   roderic_octagonal_lattice_temple
Lair:1:   layout_cave_shapes

Skill      XL: |  1  2  3  4  5  6  7  8  9 10 |
---------------+-------------------------------+-----
Long Blades    | 3 4 5 8 |  8.0
Dodging        | 3 4 5 7 9 11 | 11.0
Fighting       | 3 4 5 7 8 |  8.2
Bows           | 3 6 |  6.1
Evocations     | 2 |  2.0
Armour         | |  0.7

Action                   |  1- 3 |  4- 6 |  7- 9 | 10-12 || total
-------------------------+-------+-------+-------+-------++-------
Melee: Falchion          |    84 |   339 |    17 |       ||   440
       Scimitar          |       |       |   393 |   101 ||   494
       Unarmed           |       |       |    14 |       ||    14
       Kick              |       |       |    90 |     7 ||    97
       Headbutt          |       |       |    67 |    21 ||    88
 Fire: Longbow           |       |       |     1 |     9 ||    10
Throw: Boomerang         |       |     4 |     4 |       ||     8
Evoke: Wand              |       |       |     5 |       ||     5
  Use: Potion            |     2 |     1 |     4 |     2 ||     9
       Scroll            |       |     8 |     9 |     4 ||    21
 Stab: Sleeping          |     1 |     4 |     6 |     2 ||    13
       Petrifying        |       |     2 |       |       ||     2
       Confused          |       |     1 |     4 |       ||     5
       Distracted        |       |     1 |     1 |       ||     2
       Petrified         |       |     5 |       |       ||     5
       Paralysed         |       |     1 |       |       ||     1
  Eat: Chunk             |     2 |     9 |    19 |     1 ||    31
       Ration            |       |     2 |     3 |     2 ||     7
Armor: Leather armour    |    30 |    95 |    69 |    27 ||   221
       Skin              |       |       |    12 |       ||    12
       Plate armour      |       |       |    21 |       ||    21
       Ring mail         |       |       |       |     1 ||     1
Dodge: Dodged            |    75 |   223 |   319 |   107 ||   724
Block: Buckler           |       |       |    67 |       ||    67
       Rpst.: Falchion   |    33 |    63 |     3 |       ||    99
       Scimitar          |       |       |   108 |    36 ||   144
